 Dungeon Crawl Stone Soup version 0.28-a0-1447-ga5a8893891 (webtiles) character file.

Game seed: 10801067577797031723

68 riojii the Grasshopper (level 4, -2/37 HPs)
             Began as a Draconian Warper on Jan 11, 2022.
             Slain by an ogre (26 damage)
             ... on level 2 of the Dungeon.
             The game lasted 00:02:24 (2097 turns).

riojii the Grasshopper (Draconian Warper)           Turns: 2097, Time: 00:02:25

Health: -2/37      AC:  5    Str: 15    XL:     4   Next: 1%
Magic:  7/7        EV: 12    Int: 13    God:
Gold:   126        SH:  0    Dex: 11    Spells: 7/7 levels left

rFire   . . .      SeeInvis .   a - +0 hand axe
rCold   . . .      Faith    .   (no shield)
rNeg    . . .      Spirit   .   (armour unavailable)
rPois   .          Reflect  .   (helmet restricted)
rElec   .          Harm     .   (no cloak)
rCorr   .          Rampage  .   (no gloves)
Will    .....                   (no boots)
Stlth   +.........              (no amulet)
HPRegen 0.12/turn               (no ring)
MPRegen 0.10/turn               (no ring)

@: no status effects
A: AC +5, unfitting armour, cold-blooded
a: no special abilities


You were on level 2 of the Dungeon.
You visited 1 branch of the dungeon, and saw 2 of its levels.

You collected 126 gold pieces.

Inventory:

Hand Weapons
 a - a +0 hand axe (weapon)
Missiles
 c - 5 boomerangs of dispersal (quivered)
Scrolls
 e - 2 scrolls of teleportation {unknown}
 g - a scroll of amnesia {unknown}
 h - a scroll of identify {unknown}
Potions
 d - a potion of flight {unknown}
 f - a potion of cancellation {unknown}
 i - a potion of degeneration {unknown}


   Skills:
 + Level 2.8 Fighting
 * Level 3.1 Axes
 - Level 0.8 Throwing
 + Level 2.6 Dodging
 - Level 2.0 Spellcasting
 + Level 3.4 Translocations


You had 7 spell levels left.
You didn't know any spells.
Your spell library contained the following spells:

 Spells                   Type           Power      Damage    Failure   Level
 Blink                    Tloc           20%        N/A       10%         2
 Gell's Gravitas          Tloc           10%        N/A       19%         3
 Lesser Beckoning         Tloc           10%        N/A       19%         3
 Teleport Other           Tloc           10%        N/A       19%         3
 Manifold Assault         Tloc           10%        N/A       86%         5


Dungeon Overview and Level Annotations

Branches:
Dungeon (2/15)

Altars:


Innate Abilities, Weirdness & Mutations

Your plain brown scales are hard. (AC +5)
You cannot fit into any form of body armour.
You are cold-blooded and may be slowed by cold attacks.


Message History

You closely miss the goblin. The goblin closely misses you.
You barely miss the goblin. The goblin hits you but does no damage.
You hit the goblin.
You kill the goblin!
No target in view!
No target in view!
No target in view!
No target in view!
No target in view!
No target in view!
No target in view!
No target in view!
No target in view!
No target in view!
No target in view!
Found a stone staircase leading up.
You see here a +0 dagger.
An ogre comes into view. It is wielding a +0 giant club.
The ogre shouts!
The ogre barely misses you.
You completely miss the ogre. The ogre hits you with a +0 giant club!
You hit the ogre.
The ogre is lightly wounded.
You hit the ogre.
The ogre is moderately wounded.
The ogre closely misses you.
You hit the ogre. You tail-slap the ogre.
The ogre is moderately wounded.
The ogre misses you.
You closely miss the ogre.
The ogre is moderately wounded.
The ogre barely misses you.
You barely miss the ogre.
The ogre is moderately wounded.
The ogre barely misses you.
You barely miss the ogre.
The ogre is moderately wounded.
The ogre hits you with a +0 giant club!!
Ouch! That really hurt!
You die...

#.# #.#
#.# #.#
#.######
#......#
######.###
#.).#
###@# #O#
#.# ..<
#.# ..#
###


You could see an ogre.

Vanquished Creatures
  Jessica (D:2)
  An adder (D:2)
  2 ball pythons
  7 bats
  4 endoplasms (D:1)
  A giant cockroach (D:1)
  5 goblins
  A hobgoblin (D:1)
  A quokka (D:1)
  A frilled lizard (D:1)
  6 kobolds
  2 rats
32 creatures vanquished.

Notes
Turn   | Place    | Note
-------+----------+-------------------------------------------
     0 | D:1      | riojii the Draconian Warper began the quest for the Orb.
     0 | D:1      | Reached XP level 1. HP: 17/17 MP: 3/3
    43 | D:1      | Found a faded altar of an unknown god.
   253 | D:1      | Reached XP level 2. HP: 18/25 MP: 5/5
  1384 | D:2      | Reached XP level 3. HP: 9/30 MP: 6/6
  1388 | D:2      | HP: 1/30 [poisoned by an adder]
  1867 | D:2      | Noticed Jessica
  1878 | D:2      | Killed Jessica
  2047 | D:2      | Reached XP level 4. HP: 37/37 MP: 7/7
  2089 | D:2      | Noticed an ogre
  2097 | D:2      | Slain by an ogre

Illustrated notes

Levels and vault maps discovered:
D:1:      dpeg_arrival_orchard, layout_basic,
          hellmonk_ecumenical_altar_leap_of_faith, minmay_pentomino_u4
D:2:      cheibrodos_greedy_goblins, layout_basic, st_stairs_9,
          nrook_mini_vaults, uniq_robin, uniq_jessica

Skill      XL: |  1  2  3 |
---------------+----------+-----
Axes           | 3 |  3.1
Fighting       | |  2.8
Throwing       | |  0.8
Dodging        | |  2.6
Spellcasting   | |  2.0
Translocations | |  3.4

Action                   |  1- 3 |  4- 6 || total
-------------------------+-------+-------++-------
Melee: Hand axe          |   100 |    10 ||   110
       Tailslap          |     8 |     1 ||     9
  Use: Scroll            |     1 |       ||     1
 Stab: Sleeping          |     2 |       ||     2
Armor: Skin              |    62 |     1 ||    63
Dodge: Dodged            |    96 |     6 ||   102

Table legend: (Time is in decaauts)
 A = Elapsed time spent in this place.
 B = Non-inter-level travel time spent in this place.
 C = Inter-level travel time spent in this place.
 D = Time resting spent in this place.
 E = Time spent auto-exploring this place.
 F = Levels seen in this place.
 G = Mean time per level.
                   A        B        C        D        E       F      G
               +--------+--------+--------+--------+--------+-----+--------+
         Total |   2117 |   2101 |     16 |    357 |   1421 |   2 | 1058.5 |
       Dungeon |   2117 |   2101 |     16 |    357 |   1421 |   2 | 1058.5 |
               +--------+--------+--------+--------+--------+-----+--------+

Top non-repeatable levels by time:
     D:1: 1335 daAuts
     D:2: 781 daAuts
